 Dungeon Crawl Stone Soup version 0.28.0-43-g3370ac3207 (webtiles) character file.

Game seed: 12619659777608312129

23 Descartes the Ducker (level 2, -3/13 HPs)
             Began as a Felid Wanderer on Mar 25, 2022.
             Slain by an adder (4 damage)
             ... on level 2 of the Dungeon.
             The game lasted 00:01:01 (835 turns).

Descartes the Ducker (Felid Wanderer)                Turns: 835, Time: 00:01:01

Health: -3/13      AC:  1    Str: 10    XL:     2   Next: 75%
Magic:  3/3        EV: 19    Int: 11    God:
Gold:   5          SH:  0    Dex: 15    Spells: 1/1 levels left
                                        Lives:  0   Deaths: 0

rFire   . . .      SeeInvis +     - Unarmed
rCold   . . .      Faith    .   (shield unavailable)
rNeg    . . .      Spirit   .   (armour unavailable)
rPois   .          Reflect  .   (helmet unavailable)
rElec   .          Harm     .   (cloak unavailable)
rCorr   .          Rampage  .   (gloves unavailable)
Will    .....                   (boots unavailable)
Stlth   ++........              (no amulet)
HPRegen 0.04/turn               (no ring)
MPRegen 0.08/turn               (no ring)

@: quick
A: very small, claws 1, fangs 3, see invisible, speed 1, shaggy fur 1, stealthy
paws, no weapons or thrown items, no armour, multi-lived
a: no special abilities


You were on level 2 of the Dungeon.
You visited 1 branch of the dungeon, and saw 2 of its levels.

You collected 5 gold pieces.

Inventory:

Jewellery
 d - a ring of fire
Scrolls
 a - a scroll of teleportation
 c - a scroll of enchant weapon {unknown}
 e - a scroll of magic mapping {unknown}
 f - a scroll of identify {unknown}
Potions
 b - a potion of attraction
 g - a potion of haste {unknown}
 h - a potion of curing {unknown}


   Skills:
 - Level 2.0 Fighting
 + Level 5.7 Dodging
 + Level 2.5 Stealth
 + Level 3.3 Unarmed Combat


You had one spell level left.
You didn't know any spells.
Your spell library was empty.

Dungeon Overview and Level Annotations

Branches:
Dungeon (2/15)

Altars:


Innate Abilities, Weirdness & Mutations

You have sharp claws.
You have razor-sharp teeth.
You have supernaturally acute eyesight. (SInv)
You cover ground quickly. (Speed+)
You are covered in fur. (AC +1)
Your paws help you pounce on unaware monsters.
You are incapable of wielding weapons or throwing items.
You cannot wear armour.
You gain extra lives every three experience levels.


Message History

The adder is severely wounded.
The adder barely misses you.
You miss the adder. Your bite misses the adder.
The adder is severely wounded.
The adder bites you.
You are poisoned.
The adder poisons you! The kobold hits you with a +0 whip.
You are too injured to fight recklessly!
You are too injured to fight recklessly!
You are too injured to fight recklessly!
You are too injured to fight recklessly!
You are too injured to fight recklessly!
You are too injured to fight recklessly!
You are too injured to fight recklessly!
You are too injured to fight recklessly!
You are too injured to fight recklessly!
You are too injured to fight recklessly!
You are too injured to fight recklessly!
You are too injured to fight recklessly!
You are too injured to fight recklessly!
Unknown command.
You feel sick.
* * * LOW HITPOINT WARNING * * *
You feel sick.
* * * LOW HITPOINT WARNING * * *
You feel sick.
* * * LOW HITPOINT WARNING * * *
You feel sick.
You are no longer poisoned.
You scratch the kobold but do no damage.
Your bite misses the kobold. The kobold completely misses you.
You claw the kobold!
You kill the kobold!
You barely miss the adder.
The adder is severely wounded.
The adder closely misses you.
You barely miss the adder. Your bite misses the adder.
The adder is severely wounded.
The adder misses you. The adder bites you.
You die...

.# #.# #.# ## ### #.#
... ######<#### #.#
....
#.........#####.###....
#...........@S.........
#.........####.......#
#.........# #.......#
#.........# #.......#
#.........# #.......#
#.........# #.......#
...)......# #.......#
..######### #.......#
#########


You could see an adder.

Vanquished Creatures
  2 ball pythons (D:1)
  A bat (D:1)
  An endoplasm (D:1)
  2 giant cockroaches
  A goblin (D:1)
  4 jackals (D:1)
  3 kobolds
  A quokka (D:1)
  2 frilled lizards (D:1)
  3 rats (D:1)
20 creatures vanquished.

Notes
Turn   | Place    | Note
-------+----------+-------------------------------------------
     0 | D:1      | Descartes the Felid Wanderer began the quest for the Orb.
     0 | D:1      | Descartes set off with the following items: a scroll of
                  | teleportation, a potion of attraction
     0 | D:1      | Reached XP level 1. HP: 9/9 MP: 2/2
   308 | D:1      | Reached XP level 2. HP: 13/13 MP: 3/3
   835 | D:2      | Slain by an adder

Illustrated notes

Levels and vault maps discovered:
D:1:      dpeg_arrival_tiny_d, layout_loops_cross
D:2:      layout_basic, hellmonk_ecumenical_altar_heavens_door

Skill      XL: |  1 |
---------------+----+-----
Stealth        | 2 |  2.5
Fighting       | |  2.0
Dodging        | |  5.7
Unarmed Combat | |  3.3

Action                   || total
-------------------------++-------
Melee: Unarmed           ||    48
       Punch             ||     3
       Bite              ||     3
 Stab: Sleeping          ||     3
Armor: Skin              ||     1
Dodge: Dodged            ||    55
